NYP
IDAHO FALLS CHUKARS @ ABERDEEN IRONBIRDS
06/19/2046
 
TOP OF THE 1ST
Idaho Falls Chukars batting - Pitching for Aberdeen Ironbirds : RHP Jonathan Spicer
Pitching: RHP Jonathan Spicer
Batting: RHB Tim Persson 0-0: Ball
1-0: Swinging Strike
1-1: Called Strike
1-2: Ball
2-2: Ball
3-2: Ground out 6-3 (Groundball, 56, EV 107.5 MPH)
Batting: RHB Kevin Wimberly 0-0: Ball
1-0: Ball
2-0: Called Strike
2-1: Foul Ball, location: 2F
2-2: Strikes out looking
Batting: RHB Edwin Ramos 0-0: Ball
1-0: Foul Ball, location: 2F
1-1: Swinging Strike
1-2: Ball
2-2: Ball
3-2: Ground out 5-3 (Groundball, 56, EV 90.6 MPH)
Top of the 1st over - 0 runs, 0 hits, 0 errors, 0 left on base; Idaho Falls 0 - Aberdeen 0
BOTTOM OF THE 1ST
Aberdeen Ironbirds batting - Pitching for Idaho Falls Chukars : RHP Kevin Tumbleson
Pitching: RHP Kevin Tumbleson
Batting: RHB Danny Baeza 0-0: Called Strike
0-1: Ground out 4-3 (Groundball, 4MS, EV 87.5 MPH)
Batting: RHB Jeremy Sipe 0-0: Swinging Strike
0-1: Hit by Pitch
Batting: RHB Mike Zepeda 0-0: Called Strike
Jeremy Sipe steals 2nd base
0-1: Called Strike
0-2: DOUBLE (Line Drive, 89D, EV 99.4 MPH)
Jeremy Sipe scores
Batting: RHB Ray Sims 0-0: Fly out, F7 (Flyball, 78D, EV 99.4 MPH)
Runner from 2nd tags up, SAFE at 3rd with throw by LF
Batting: LHB Miguel Medina 0-0: Ball
1-0: Ball
2-0: DOUBLE (Line Drive, 3D, EV 100.6 MPH)
Mike Zepeda scores
Batting: RHB Daniel Jackson 0-0: Ball
1-0: Ball
2-0: Foul Ball, location: 2F
2-1: SINGLE (Groundball, 56, EV 90.0 MPH) (infield hit)
Miguel Medina to third
Batting: RHB Mike Pitts 0-0: Called Strike
0-1: Ball
1-1: Ball
2-1: Ball
3-1: Foul Ball, location: 2F
3-2: Foul Ball, location: 2F
3-2: Foul Ball, location: 2F
3-2: Base on Balls
Daniel Jackson to second
Batting: RHB Tony Godley 0-0: Swinging Strike
0-1: Ball
1-1: DOUBLE (Flyball, 89D, EV 90.6 MPH)
Miguel Medina scores
Daniel Jackson scores
Mike Pitts to third
Runner from 3rd tries for Home, SAFE, throw by RF to trailing runner, OUT at third! 9-3-5
Bottom of the 1st over - 5 runs, 4 hits, 0 errors, 0 left on base; Idaho Falls 0 - Aberdeen 5
TOP OF THE 2ND
Idaho Falls Chukars batting - Pitching for Aberdeen Ironbirds : RHP Jonathan Spicer
Batting: LHB Joe Cozart 0-0: SINGLE (Groundball, 6D, EV 109.4 MPH)
Batting: RHB Chad Sullivan 0-0: Foul Ball, location: 2F
0-1: Ball
1-1: Fielders Choice at 2nd, 5-4 (Groundball, 5L, EV 83.1 MPH)
Batting: RHB Chance Argy 0-0: Foul Ball, location: 2F
0-1: Ball
1-1: Foul Ball, location: 2F
1-2: Foul Ball, location: 2F
1-2: Strikes out looking
Batting: LHB Randy Stapleton 0-0: Ball
Chad Sullivan is caught stealing 2nd base 2-6
Top of the 2nd over - 0 runs, 1 hit, 0 errors, 0 left on base; Idaho Falls 0 - Aberdeen 5
BOTTOM OF THE 2ND
Aberdeen Ironbirds batting - Pitching for Idaho Falls Chukars : RHP Kevin Tumbleson
Now at 3B: Shane Bruce
Batting: RHB Honório Szenes 0-0: Called Strike
0-1: Swinging Strike
0-2: Strikes out looking
Batting: RHB Danny Baeza 0-0: Ball
1-0: Ball
2-0: Ball
3-0: Called Strike
3-1: SOLO HOME RUN (Flyball, 7D, EV 98.1 MPH), Distance : 406 ft
Pitching: RHP John Barnett
Batting: RHB Jeremy Sipe 0-0: Ball
1-0: Reached on error, E7 (Flyball, 78D, EV 99.4 MPH)
Batting: RHB Mike Zepeda 0-0: Ball
1-0: Called Strike
1-1: Called Strike
Jeremy Sipe steals 3rd base
1-2: SINGLE (Line Drive, 34, EV 106.2 MPH)
Jeremy Sipe scores
Batting: RHB Ray Sims 0-0: Ball
Mike Zepeda is caught stealing 2nd base 2-4
1-0: Fly out, F9 (Flyball, 9D, EV 88.1 MPH)
Bottom of the 2nd over - 2 runs, 2 hits, 1 error, 0 left on base; Idaho Falls 0 - Aberdeen 7
TOP OF THE 3RD
Idaho Falls Chukars batting - Pitching for Aberdeen Ironbirds : RHP Jonathan Spicer
Batting: LHB Randy Stapleton 0-0: Called Strike
0-1: Fly out, F8 (Flyball, 8LD, EV 103.8 MPH)
Batting: RHB Justin Goff 0-0: Ball
1-0: Swinging Strike
1-1: Fly out, F9 (Flyball, 9LS, EV 76.2 MPH)
Batting: LHB Danny Pacheco 0-0: Ball
1-0: Swinging Strike
1-1: Called Strike
1-2: Strikes out swinging
Top of the 3rd over - 0 runs, 0 hits, 0 errors, 0 left on base; Idaho Falls 0 - Aberdeen 7
BOTTOM OF THE 3RD
Aberdeen Ironbirds batting - Pitching for Idaho Falls Chukars : RHP John Barnett
Batting: LHB Miguel Medina 0-0: Ground out 1-3 (Groundball, 13S, EV 68.8 MPH)
Batting: RHB Daniel Jackson 0-0: Ball
1-0: Foul Ball, location: 2F
1-1: Ball
2-1: Foul Ball, location: 2F
2-2: Ball
3-2: Fly out, F7 (Flyball, 78S, EV 88.8 MPH)
Batting: RHB Mike Pitts 0-0: Ball
1-0: Ball
2-0: Called Strike
2-1: SOLO HOME RUN (Flyball, 78XD, EV 108.1 MPH), Distance : 436 ft
Pitching: RHP Mike Galvin
Batting: RHB Tony Godley 0-0: Called Strike
0-1: Ball
1-1: SINGLE (Groundball, 4MD, EV 109.4 MPH)
Batting: RHB Honório Szenes 0-0: Ball
Tony Godley steals 2nd base
1-0: Called Strike
1-1: Ball
2-1: Swinging Strike
2-2: Ball
3-2: Strikes out swinging
Bottom of the 3rd over - 1 run, 2 hits, 0 errors, 1 left on base; Idaho Falls 0 - Aberdeen 8
TOP OF THE 4TH
Idaho Falls Chukars batting - Pitching for Aberdeen Ironbirds : RHP Jonathan Spicer
Batting: RHB Tim Persson 0-0: Called Strike
0-1: Ball
1-1: Foul Ball, location: 2F
1-2: Foul Ball, location: 2F
1-2: Ball
2-2: Ball
3-2: Ground out 1-3 (Groundball, P, EV 70.6 MPH)
Batting: RHB Kevin Wimberly 0-0: Called Strike
0-1: Ball
1-1: Ball
2-1: Foul Ball, location: 2F
2-2: Strikes out swinging
Batting: RHB Edwin Ramos 0-0: Ball
1-0: Ball
2-0: Ball
3-0: Called Strike
3-1: Ground out 6-3 (Groundball, 56, EV 80.0 MPH)
Top of the 4th over - 0 runs, 0 hits, 0 errors, 0 left on base; Idaho Falls 0 - Aberdeen 8
BOTTOM OF THE 4TH
Aberdeen Ironbirds batting - Pitching for Idaho Falls Chukars : RHP Mike Galvin
Batting: RHB Danny Baeza 0-0: Ball
1-0: Ball
2-0: Ball
3-0: Called Strike
3-1: Base on Balls
Batting: RHB Jeremy Sipe 0-0: SINGLE (Groundball, 56D, EV 101.9 MPH)
Danny Baeza to second
Batting: RHB Mike Zepeda 0-0: SINGLE (Line Drive, 9S, EV 107.5 MPH)
Danny Baeza to third
Jeremy Sipe to second
Batting: RHB Ray Sims 0-0: Swinging Strike
0-1: Foul Ball, location: 2F
0-2: Ball
1-2: Foul Ball, location: 2F
1-2: Ball
2-2: SINGLE (Line Drive, 4MD, EV 95.6 MPH)
Danny Baeza scores
Jeremy Sipe to third
Mike Zepeda to second
Runner from 3rd tries for Home, throw by CF and OUT! 8-2
Pitching: RHP Bryan Kiefer
Batting: LHB Miguel Medina 0-0: Foul Ball, location: 2F
0-1: Ball
1-1: Ball
2-1: Ball
3-1: Foul Ball, location: 2F
3-2: Fly out, F5 (Popup, 56, EV 60.6 MPH)
Batting: RHB Daniel Jackson 0-0: Ball
1-0: Ball
2-0: Called Strike
2-1: Swinging Strike
2-2: Ball
3-2: Foul Ball, location: 2F
3-2: Base on Balls
Mike Zepeda to third
Ray Sims to second
Batting: RHB Mike Pitts 0-0: Ball
1-0: Called Strike
1-1: SINGLE (Groundball, 6MD, EV 103.8 MPH)
Mike Zepeda scores
Ray Sims to third
Daniel Jackson to second
Runner from 3rd tries for Home, SAFE, throw by CF to home
Batting: RHB Tony Godley 0-0: Ball
1-0: Ball
2-0: Ball
3-0: Called Strike
3-1: Foul Ball, location: 2F
3-2: Base on Balls
Daniel Jackson to third
Mike Pitts to second
Pitching: LHP Ernesto Abreu
Batting: RHB Honório Szenes 0-0: SINGLE (Line Drive, 56, EV 106.9 MPH)
Daniel Jackson scores
Mike Pitts to third
Tony Godley to second
Runner from 3rd tries for Home, SAFE, throw by LF to home
Batting: RHB Danny Baeza 0-0: Foul Ball, location: 2F
0-1: SINGLE (Groundball, 23, EV 69.4 MPH) (infield hit)
Tony Godley to third
Honório Szenes to second
Batting: RHB Jeremy Sipe 0-0: Ball
Wild Pitch!
Tony Godley scores
Honório Szenes to third
Danny Baeza to second
1-0: Ball
Balk!
Honório Szenes scores
Danny Baeza to third
2-0: Fly out, F8 (Line Drive, 8LM, EV 106.9 MPH)
Bottom of the 4th over - 7 runs, 6 hits, 0 errors, 1 left on base; Idaho Falls 0 - Aberdeen 15
TOP OF THE 5TH
Idaho Falls Chukars batting - Pitching for Aberdeen Ironbirds : RHP Jonathan Spicer
Batting: RHB Shane Bruce 0-0: Called Strike
0-1: Swinging Strike
0-2: Foul Ball, location: 2F
0-2: Strikes out swinging
Batting: RHB Chad Sullivan 0-0: Called Strike
0-1: SINGLE (Groundball, 56S, EV 63.8 MPH) (infield hit)
Batting: RHB Chance Argy 0-0: Foul Ball, location: 2F
0-1: Called Strike
0-2: Foul Ball, location: 2F
0-2: Ball
Chad Sullivan is caught stealing 2nd base 2-4
1-2: Foul Ball, location: 2F
1-2: Foul Ball, location: 2F
1-2: Ball
2-2: Ball
3-2: Strikes out swinging
Top of the 5th over - 0 runs, 1 hit, 0 errors, 0 left on base; Idaho Falls 0 - Aberdeen 15
BOTTOM OF THE 5TH
Aberdeen Ironbirds batting - Pitching for Idaho Falls Chukars : LHP Ernesto Abreu
Batting: RHB Mike Zepeda 0-0: SOLO HOME RUN (Flyball, 89XD, EV 105.0 MPH), Distance : 423 ft
Batting: RHB Ray Sims 0-0: Foul Ball, location: 2F
0-1: Ball
1-1: Foul Ball, location: 2F
1-2: Ball
2-2: Foul Ball, location: 2F
2-2: Foul Ball, location: 2F
2-2: Fly out, F8 (Flyball, 8RM, EV 95.0 MPH)
Batting: LHB Miguel Medina 0-0: Ball
1-0: Foul Ball, location: 2F
1-1: Foul Ball, location: 2F
1-2: SINGLE (Line Drive, 34, EV 98.1 MPH)
Batting: RHB Daniel Jackson 0-0: Ball
Wild Pitch!
Miguel Medina to second
1-0: Foul Ball, location: 2F
1-1: 2-RUN HOME RUN (Flyball, 7D, EV 100.0 MPH), Distance : 400 ft
Pitching: RHP Timotheus Cooper
Batting: RHB Mike Pitts 0-0: Ball
1-0: Foul Ball, location: 2F
1-1: Ball
2-1: Ball
3-1: Base on Balls
Batting: RHB Tony Godley 0-0: Foul Ball, location: 2F
0-1: Ball
1-1: Ball
2-1: Fielders Choice at 2nd, 6-4 (Groundball, 6, EV 88.1 MPH)
Batting: RHB Honório Szenes 0-0: Ball
Wild Pitch!
Tony Godley to second
1-0: Foul Ball, location: 2F
1-1: Called Strike
1-2: Ground out 1-3 (Groundball, 13, EV 72.5 MPH)
Bottom of the 5th over - 3 runs, 3 hits, 0 errors, 1 left on base; Idaho Falls 0 - Aberdeen 18
TOP OF THE 6TH
Idaho Falls Chukars batting - Pitching for Aberdeen Ironbirds : RHP Jonathan Spicer
Batting: LHB Randy Stapleton 0-0: Ball
1-0: Ball
2-0: Called Strike
2-1: Foul Ball, location: 2F
2-2: Ball
3-2: Strikes out swinging
Batting: RHB Justin Goff 0-0: Ball
1-0: Swinging Strike
1-1: Swinging Strike
1-2: Ball
2-2: Foul Ball, location: 2F
2-2: Ball
3-2: Ground out 6-3 (Groundball, 6, EV 90.6 MPH)
Batting: LHB Danny Pacheco 0-0: Ball
1-0: Ground out 4-3 (Groundball, 34D, EV 108.8 MPH)
Top of the 6th over - 0 runs, 0 hits, 0 errors, 0 left on base; Idaho Falls 0 - Aberdeen 18
BOTTOM OF THE 6TH
Aberdeen Ironbirds batting - Pitching for Idaho Falls Chukars : RHP Timotheus Cooper
Batting: RHB Danny Baeza 0-0: Ball
1-0: Ball
2-0: Called Strike
2-1: Ball
3-1: Called Strike
3-2: Foul Ball, location: 2F
3-2: Base on Balls
Batting: RHB Jeremy Sipe 0-0: Ball
1-0: Ball
2-0: Grounds into double play, 6-4-3 (Groundball, 6, EV 78.1 MPH)
Batting: RHB Mike Zepeda 0-0: Ball
1-0: Ball
2-0: Ball
3-0: Called Strike
3-1: SOLO HOME RUN (Flyball, 78XD, EV 108.8 MPH), Distance : 443 ft
Batting: RHB Ray Sims 0-0: Ball
1-0: Ball
2-0: Foul Ball, location: 2F
2-1: Ball
3-1: Ground out 4-3 (Groundball, 4, EV 95.0 MPH)
Bottom of the 6th over - 1 run, 1 hit, 0 errors, 0 left on base; Idaho Falls 0 - Aberdeen 19
TOP OF THE 7TH
Idaho Falls Chukars batting - Pitching for Aberdeen Ironbirds : RHP Jonathan Spicer
Batting: RHB Tim Persson 0-0: Ball
1-0: Ball
2-0: Ground out 4-3 (Groundball, 4, EV 83.1 MPH)
Batting: RHB Kevin Wimberly 0-0: Foul Ball, location: 2F
0-1: Foul Ball, location: 2F
0-2: Ball
1-2: Ball
2-2: Ground out U3 (Groundball, 34, EV 95.6 MPH)
Batting: RHB Edwin Ramos 0-0: Foul Ball, location: 2F
0-1: Ball
1-1: Foul Ball, location: 2F
1-2: Fly out, F8 (Flyball, 89M, EV 72.5 MPH)
Top of the 7th over - 0 runs, 0 hits, 0 errors, 0 left on base; Idaho Falls 0 - Aberdeen 19
BOTTOM OF THE 7TH
Aberdeen Ironbirds batting - Pitching for Idaho Falls Chukars : RHP Timotheus Cooper
Batting: LHB Miguel Medina 0-0: SINGLE (Line Drive, 7S, EV 92.5 MPH)
Batting: RHB Daniel Jackson 0-0: Swinging Strike
0-1: Ball
1-1: Ball
2-1: Ball
Balk!
Miguel Medina to second
3-1: SINGLE (Groundball, 6MD, EV 96.9 MPH)
Miguel Medina to third
Batting: RHB Mike Pitts 0-0: Ball
1-0: Ball
2-0: Ball
3-0: Called Strike
3-1: Base on Balls
Daniel Jackson to second
Pitching: RHP Marcos Cortez
Batting: RHB Tony Godley 0-0: Foul Ball, location: 2F
0-1: SINGLE (Groundball, 56, EV 100.6 MPH) (infield hit)
Miguel Medina scores
Daniel Jackson to third
Mike Pitts to second
Batting: RHB Honório Szenes 0-0: Swinging Strike
0-1: Ball
1-1: Ball
2-1: Foul Ball, location: 2F
2-2: Strikes out swinging
Batting: RHB Danny Baeza 0-0: Ball
1-0: Swinging Strike
1-1: Ball
Wild Pitch!
Daniel Jackson scores
Mike Pitts to third
Tony Godley to second
2-1: Foul Ball, location: 2F
2-2: Strikes out swinging
Pinch Hitting: RHB Luis Tovar 0-0: Ground out 4-3 (Groundball, 4, EV 83.8 MPH)
Bottom of the 7th over - 2 runs, 3 hits, 0 errors, 2 left on base; Idaho Falls 0 - Aberdeen 21
TOP OF THE 8TH
Idaho Falls Chukars batting - Pitching for Aberdeen Ironbirds : RHP Jonathan Spicer
Pitching: RHP Michito Ito
Now at 1B: Luis Tovar
Batting: RHB Shane Bruce 0-0: Swinging Strike
0-1: Ball
1-1: Foul Ball, location: 2F
1-2: Foul Ball, location: 2F
1-2: Ball
2-2: Foul Ball, location: 2F
2-2: Foul Ball, location: 2F
2-2: Foul Ball, location: 2F
2-2: Ball
3-2: Foul Ball, location: 2F
3-2: Strikes out swinging
Batting: RHB Chad Sullivan 0-0: Ball
1-0: Foul Ball, location: 2F
1-1: Foul Ball, location: 2F
1-2: Foul Ball, location: 2F
1-2: Strikes out swinging
Batting: RHB Chance Argy 0-0: Ball
1-0: Ball
2-0: Ball
3-0: Called Strike
3-1: Foul Ball, location: 2F
3-2: Foul Ball, location: 2F
3-2: Strikes out swinging
Top of the 8th over - 0 runs, 0 hits, 0 errors, 0 left on base; Idaho Falls 0 - Aberdeen 21
BOTTOM OF THE 8TH
Aberdeen Ironbirds batting - Pitching for Idaho Falls Chukars : RHP Marcos Cortez
Batting: RHB Mike Zepeda 0-0: Ball
1-0: Ball
2-0: Ball
3-0: Base on Balls
Batting: RHB Ray Sims 0-0: Swinging Strike
0-1: Ball
1-1: Foul Ball, location: 2F
1-2: Strikes out swinging
Pinch Hitting: RHB Ben Sutton 0-0: Ball
Wild Pitch!
Mike Zepeda to second
1-0: Ball
Balk!
Mike Zepeda to third
2-0: Swinging Strike
2-1: Ball
3-1: Called Strike
3-2: Foul Ball, location: 2F
3-2: Foul Ball, location: 2F
3-2: Foul Ball, location: 2F
3-2: Ground out 5-3 (Groundball, 56S, EV 87.5 MPH)
Mike Zepeda scores
Batting: RHB Daniel Jackson 0-0: Ball
1-0: Ball
2-0: Ball
3-0: Called Strike
3-1: Called Strike
3-2: Base on Balls
Pinch Hitting: RHB Matt O'Dea Balk!
Daniel Jackson to second
0-0: Ball
Wild Pitch!
Daniel Jackson to third
Balk!
Daniel Jackson scores
1-0: Ball
2-0: Foul Ball, location: 2F
2-1: Called Strike
2-2: Ball
3-2: Foul Ball, location: 2F
3-2: SINGLE (Groundball, 56S, EV 76.9 MPH) (infield hit)
Pitching: LHP Josh Dalton
Batting: RHB Tony Godley 0-0: Ball
Wild Pitch!
Matt O'Dea to second
1-0: Ground out 5-3 (Groundball, 56, EV 83.1 MPH)
Bottom of the 8th over - 2 runs, 1 hit, 0 errors, 1 left on base; Idaho Falls 0 - Aberdeen 23
TOP OF THE 9TH
Idaho Falls Chukars batting - Pitching for Aberdeen Ironbirds : RHP Michito Ito
Now at 3B: Matt O'Dea
Now in LF: Daniel Jackson
Now in CF: Tony Godley
Now in RF: Ben Sutton
Batting: LHB Randy Stapleton 0-0: Foul Ball, location: 2F
0-1: Foul Ball, location: 2F
0-2: Ball
1-2: Ball
2-2: Strikes out swinging
Pinch Hitting: RHB Rob Ward 0-0: Ball
1-0: Ball
2-0: Ball
3-0: Base on Balls
Batting: LHB Danny Pacheco 0-0: Ball
1-0: Ball
2-0: Called Strike
2-1: Ball
3-1: Base on Balls
Rob Ward to second
Batting: RHB Tim Persson 0-0: Ball
1-0: Foul Ball, location: 2F
1-1: Ball
2-1: Foul Ball, location: 2F
2-2: Foul Ball, location: 2F
2-2: Foul Ball, location: 2F
2-2: Ball
3-2: Base on Balls
Rob Ward to third
Danny Pacheco to second
Batting: RHB Kevin Wimberly 0-0: Ball
1-0: Ball
2-0: Called Strike
2-1: Swinging Strike
2-2: Strikes out swinging
Batting: RHB Edwin Ramos 0-0: Ball
1-0: Ball
2-0: Reached on error, E5 (Groundball, 56, EV 98.1 MPH)
Rob Ward scores
Danny Pacheco to third
Tim Persson to second
Batting: RHB Shane Bruce 0-0: Ball
1-0: Foul Ball, location: 2F
1-1: Reached on error, E5 (Groundball, 56, EV 85.6 MPH)
Danny Pacheco scores
Tim Persson to third
Edwin Ramos to second
Batting: RHB Chad Sullivan 0-0: DOUBLE (Flyball, 78D, EV 98.1 MPH)
Tim Persson scores
Edwin Ramos scores
Shane Bruce to third
Batting: RHB Chance Argy 0-0: Ball
1-0: Called Strike
1-1: Swinging Strike
1-2: SINGLE (Groundball, 6D, EV 95.6 MPH)
Shane Bruce scores
Chad Sullivan to third
Pitching: LHP Andy Shearn
Batting: LHB Randy Stapleton 0-0: Fly out, F8 (Flyball, 8RM, EV 91.2 MPH)
Top of the 9th over - 5 runs, 2 hits, 2 errors, 2 left on base; Idaho Falls 5 - Aberdeen 23
Tuesday, September 13th , 2022 - OOTP Baseball 23.7 Build 88